 Dungeon Sprint DCSS version 0.22-a0-93-g6b88ebb (webtiles) character file.

1200000 Rottenbandages the Warrior (level 16, -103/148 HPs)
             Began as a Formicid Warper on Jan 24, 2018.
             Was a Believer of Makhleb.
             Annihilated by a large bag of meat
             ... wielding a +9 giant spiked club
              (126 damage)
             ... in the Dungeon (Sprint VIII: "Arena of Blood").
             The game lasted 00:00:24 (12 turns).

Rottenbandages the Warrior (Formicid Warper)          Turns: 12, Time: 00:00:25

Health: -103/148   AC:  5    Str: 18    XL:     16   Next: 53%
Magic:  3/38       EV: 24    Int: 13    God:    Makhleb [**....]
Gold:   0          SH:  0    Dex: 15    Spells: 52/52 levels left

rFire    . . .     SeeInvis +   l - +∞ Axe of Woe
rCold    . . .     Gourm    .   (no shield)
rNeg     . . .     Faith    .   b - +0 leather armour
rPois    .         Spirit   .   (helmet unavailable)
rElec    .         Reflect  .   (no cloak)
rCorr    .         Harm     .   (no gloves)
MR       +....                  (no boots)
Stlth    +.........             (no amulet)
HPRegen  0.34/turn              (no ring)
MPRegen  0.26/turn              (no ring)

@: no status effects
A: permanent stasis, dig shafts and tunnels, four strong arms, antennae 3
a: Dig, Minor Destruction, Renounce Religion


You were in the Dungeon.
You worshipped Makhleb.
Makhleb was pleased with you.
You were not hungry.

You visited 1 branch


Innate Abilities, Weirdness & Mutations

You cannot be hasted, slowed, berserked, paralysed or teleported.
You can dig through walls and to a lower floor.
Your four strong arms can wield two-handed weapons with a shield.
You have a pair of large antennae on your head. (SInv)


   Skills:
 + Level 20.0 Fighting
 + Level 18.8 Axes
 + Level 18.6 Throwing
 + Level 20.0 Armour
 + Level 17.3 Dodging
 + Level 18.7 Spellcasting
   Level 2.6 Translocations


You had 52 spell levels left.
You didn't know any spells.

Inventory:

Hand Weapons
 a - a +0 hand axe
 l - the +∞ Axe of Woe (weapon)
Missiles
 e - 5 tomahawks of dispersal (quivered)
Armour
 b - a +0 leather armour (worn)
Scrolls
 d - 2 scrolls of blinking
Potions
 g - a potion of curing
 h - a potion of heal wounds
 i - a potion of haste
 j - 2 potions of magic
 k - a potion of berserk rage
Books
 c - a book of Spatial Translocations

   Spells                             Type                      Level
   a - Blink                          Translocation                2
   b - Shroud of Golubria             Charms/Translocation         2
   c - Lesser Beckoning               Translocation                3
   d - Gell's Gravitas                Translocation                3
   e - Teleport Other                 Translocation                3
   f - Passage of Golubria            Translocation                4
Comestibles
 f - a ration

Dungeon Overview and Level Annotations

Branches:
Dungeon (1/1)

Altars:
Makhleb

......_.........
▒.....▒...... ...
▒_.<._▒......
....▒.....▒......
......._........
......▒.▒.......
.▒▒▒.....o.▒▒▒..
▒....)).▒ .
▒...o)aO▒
.....oooO.o.....
......o..O.O..▒.
.......o......▒..
.....o......▒▒O..
.▒.o......▒oo..o
.O.......▒.. ▒▒
▒.▒......o...


You could see a large bag of meat (inner flame), 5 meat berserkers and 13 bags
of meat.


Message History

You chop the bag of meat into pieces!!!
You pulverise the bag of meat into a thin bloody mist!
You annihilate the bag of meat!!!
Makhleb roars: ANNIHILATED!
You can now harness Makhleb's destructive might!
You feel better!
Your Fighting skill increases to level 19!!!
Your Axes skill increases to level 18!!!
Your Armour skill increases to level 19!!!
Your Dodging skill increases to level 16!!!
Your Spellcasting skill increases to level 18!!!
You have reached level 16!!!
You feel stronger!
You slice the bag of meat like a ripe choko!!!
You chop the bag of meat into pieces!
You annihilate the bag of meat!!!
Makhleb roars: ANNIHILATED!
Your Fighting skill increases to level 20!!!
Your Throwing skill increases to level 18!!!
Your Armour skill increases to level 20!!!
Your Dodging skill increases to level 17!!!
You hear a shout!!! x8
The meat berserker hits you with a +9 BATTLEAXE!!!!!!!!! * * * don't die
* * * The meat berserker rages!
The bag of meat appears out of thin air!!!
A bag of meat comes into view! It is wielding a +9 war axe!
The large bag of meat hits you with a +9 giant spiked club!!!!!!!!!!!!
DANG rip

Action                   |  1- 3 |  4- 6 |  7- 9 | 10-12 | 13-15 | 16-18 || total
-------------------------+-------+-------+-------+-------+-------+-------++-------
Melee: Executioner's axe |     1 |       |       |     1 |       |       ||     2
 Abil: Dig               |     1 |       |       |       |       |       ||     1

Vault maps used:
D:        meatsprint

Notes
Turn   | Place    | Note
-------+----------+-------------------------------------------
     0 | D        | Found the +∞ Axe of Woe
     0 | D        | Rottenbandages the Formicid Warper began the quest for the Orb.
     0 | D        | Reached XP level 1. HP: 16/16 MP: 3/3
     3 | D        | Noticed a bag of meat
     4 | D        | Noticed a bag of meat
     5 | D        | Noticed a bag of meat
     5 | D        | Noticed a bag of meat
     6 | D        | Became a worshipper of Makhleb the Destroyer
     7 | D        | Noticed a bag of meat
     8 | D        | Noticed a bag of meat
     8 | D        | Noticed a bag of meat
     8 | D        | Noticed a meat berserker
     9 | D        | Noticed a bag of meat
     9 | D        | Noticed a bag of meat
     9 | D        | Noticed a bag of meat
     9 | D        | Noticed a bag of meat
     9 | D        | Noticed a large bag of meat
    10 | D        | Noticed a meat berserker
    10 | D        | Noticed a bag of meat
    10 | D        | Noticed a bag of meat
    10 | D        | Noticed a meat berserker
    10 | D        | Noticed a bag of meat
    11 | D        | Noticed a bag of meat
    11 | D        | Killed a bag of meat
    11 | D        | Reached skill level 13 in Fighting
    11 | D        | Reached skill level 12 in Axes
    11 | D        | Reached skill level 12 in Throwing
    11 | D        | Reached skill level 13 in Armour
    11 | D        | Reached skill level 11 in Dodging
    11 | D        | Reached skill level 12 in Spellcasting
    11 | D        | Reached XP level 2. HP: 40/40 MP: 3/15
    11 | D        | Reached XP level 3. HP: 46/46 MP: 3/16
    11 | D        | Reached XP level 4. HP: 53/53 MP: 3/18
    11 | D        | Reached XP level 5. HP: 59/59 MP: 3/19
    11 | D        | Reached XP level 6. HP: 66/66 MP: 3/21
    11 | D        | Reached XP level 7. HP: 72/72 MP: 3/22
    11 | D        | Reached XP level 8. HP: 79/79 MP: 3/24
    11 | D        | Reached XP level 9. HP: 85/85 MP: 3/25
    11 | D        | Reached XP level 10. HP: 92/92 MP: 3/26
    11 | D        | Reached XP level 11. HP: 98/98 MP: 3/27
    11 | D        | Reached XP level 12. HP: 105/105 MP: 3/28
    11 | D        | HP: 4/105 [meat berserker/+9 battleaxe (49)]
    11 | D        | Noticed a bag of meat
    12 | D        | Noticed a meat berserker
    12 | D        | Noticed a meat berserker
    12 | D        | Killed a meat berserker
    12 | D        | Reached * piety under Makhleb
    12 | D        | Reached skill level 16 in Fighting
    12 | D        | Reached skill level 15 in Axes
    12 | D        | Reached skill level 15 in Throwing
    12 | D        | Reached skill level 16 in Armour
    12 | D        | Reached skill level 14 in Dodging
    12 | D        | Reached skill level 15 in Spellcasting
    12 | D        | Reached XP level 13. HP: 5/119 MP: 3/32
    12 | D        | Reached XP level 14. HP: 5/126 MP: 3/33
    12 | D        | Killed a bag of meat
    12 | D        | Reached skill level 17 in Fighting
    12 | D        | Reached skill level 16 in Axes
    12 | D        | Reached skill level 16 in Throwing
    12 | D        | Reached skill level 17 in Armour
    12 | D        | Reached skill level 15 in Dodging
    12 | D        | Reached skill level 16 in Spellcasting
    12 | D        | Reached XP level 15. HP: 5/134 MP: 3/35
    12 | D        | Reached skill level 18 in Fighting
    12 | D        | Reached skill level 17 in Axes
    12 | D        | Reached skill level 17 in Throwing
    12 | D        | Reached skill level 18 in Armour
    12 | D        | Reached skill level 17 in Spellcasting
    12 | D        | Reached ** piety under Makhleb
    12 | D        | Reached skill level 19 in Fighting
    12 | D        | Reached skill level 18 in Axes
    12 | D        | Reached skill level 19 in Armour
    12 | D        | Reached skill level 16 in Dodging
    12 | D        | Reached skill level 18 in Spellcasting
    12 | D        | Reached XP level 16. HP: 65/146 MP: 3/38
    12 | D        | Reached skill level 20 in Fighting
    12 | D        | Reached skill level 18 in Throwing
    12 | D        | Reached skill level 20 in Armour
    12 | D        | Reached skill level 17 in Dodging
    12 | D        | Annihilated by a large bag of meat

Vanquished Creatures
  An ogre (D)
  5 orcs (D)
6 creatures vanquished.
